 Dungeon Crawl Stone Soup version 0.20-b1-24-gb21faa7 (webtiles) character file.

638 raph the Cutter (level 7, -1/47 HPs)
             Began as a Halfling Berserker on May 24, 2017.
             Was a Priest of Trog.
             Slain by an orc priest
             ... wielding a +0 short sword
              (4 damage)
             ... on level 4 of the Dungeon on May 25, 2017.
             The game lasted 00:10:09 (4096 turns).

raph the Cutter (Halfling Berserker)                Turns: 4096, Time: 00:10:10

Health: -1/47      AC: 16    Str: 19    XL:     7   Next: 80%
Magic:  7/7        EV:  7    Int:  5    God:    Trog [***...]
Gold:   177        SH: 10    Dex: 15    Spells: 6/6 levels left

rFire    x . .     SeeInvis .   a - +0 short sword
rCold    + . .     Gourm    .   u - +0 shield
rNeg     . . .     Faith    .   i - +0 plate armour
rPois    .         Spirit   .   (no helmet)
rElec    .         Reflect  .   t - +0 cloak
rCorr    .         Harm     .   z - +2 pair of gloves
MR       .....                  (no boots)
Stlth    ..........             (no amulet)
Regen    0.2/turn               j - ring of ice
MPRegen  0.1/turn               (no ring)

@: berserk cooldown, slowed, very slow
A: mutation resistance 1
a: Berserk, Trog's Hand, Burn Spellbooks, Renounce Religion


You were on level 4 of the Dungeon.
You worshipped Trog.
Trog was most pleased with you.
You were very hungry.

You visited 1 branch of the dungeon, and saw 5 of its levels.

You collected 177 gold pieces.

Inventory:

Hand Weapons
 a - a +0 short sword (weapon)
 b - a +0 hunting sling
Missiles
 g - 10 tomahawks (quivered)
 x - 13 sling bullets
 E - 10 stones
Armour
 i - a +0 plate armour (worn)
 l - a +0 ring mail
 n - a +0 animal skin
 q - a +0 scale mail
 t - a +0 cloak (worn)
 u - a +0 shield (worn)
 z - a +2 pair of gloves (worn)
Jewellery
 j - a ring of ice (left hand)
 s - an uncursed ring of wizardry
Scrolls
 e - 3 scrolls of identify
 m - a scroll of immolation
 o - a scroll of fog
 y - 2 scrolls of remove curse
 A - 2 scrolls of teleportation
Potions
 d - 5 potions of curing
 f - a potion of haste {unknown}
 p - a potion of heal wounds
 v - a potion of invisibility {unknown}
 w - a potion of magic {unknown}
 B - a potion of resistance {unknown}
 D - a potion of cancellation {unknown}
Comestibles
 c - 5 bread rations
 h - 5 fruits
 k - 4 meat rations
 r - 2 royal jellies


   Skills:
 + Level 3.9 Fighting
 * Level 6.5 Short Blades
 + Level 2.2 Slings
 + Level 3.8 Armour
 + Level 3.8 Dodging
 * Level 3.3 Shields


You had 6 spell levels left.
You didn't know any spells.

Dungeon Overview and Level Annotations

Branches:
Dungeon (5/15)             Temple (0/1) D:4

Altars:
Xom


Innate Abilities, Weirdness & Mutations

You are small and have problems with some larger weapons.
You are somewhat resistant to further mutation.


Message History

You feel yourself slow down.
There is a stone staircase leading up here.
The orc priest hits you but does no damage.
The orc priest casts a cantrip, but nothing happens.
The orc priest hits you but does no damage.
You block the orc's attack.
You climb upwards.
There is a stone staircase leading down here.
Your shield and plate armour prevent you from hitting the orc priest.
The orc priest is almost dead.
The orc priest invokes the aid of Beogh against you.
Beogh smites you!
* * * LOW HITPOINT WARNING * * *
Your shield prevents you from hitting the orc priest.
The orc priest is almost dead.
The orc priest hits you but does no damage.
You hit the orc priest but do no damage.
The orc priest is almost dead.
The orc priest hits you with a short sword.
You die...

#.# #...#.#.....
#.#####...#.......
#....##...........
####.##.#.###.....
##.##.#.# #.....
###.......# #.....
##.......### #.....
##.....#### ####..
##.#@#..####### #..
#...o.........# #..
#..#.#..#####.# #..
#.#.......# #.#####..
#.##....#.###.#...##.
#.##.......##........
#.##.......##.#...#..
#.##.................
#.##.#..............#


You could see an orc priest.

Vanquished Creatures
  Grinder (D:4)
  The ghost of FakerFangirl the Cudgeler, an amateur DrFi (D:3)
  2 orc wizards
  An orc priest (D:3)
  Crazy Yiuf (D:2)
  An iguana (D:4)
  Terence (D:2)
  A worker ant (D:4)
  3 gnolls (D:2)
  2 adders
  An ooze (D:2)
  2 worms
  3 dart slugs (D:2)
  A leopard gecko (D:2)
  10 orcs
  3 giant cockroaches
  10 goblins
  15 hobgoblins
  2 jackals (D:2)
  8 kobolds
  A quokka (D:2)
  9 bats
  6 frilled lizards
  12 rats
97 creatures vanquished.

Notes
Turn   | Place    | Note
-------+----------+-------------------------------------------
     0 | D:1      | raph the Halfling Berserker began the quest for the Orb.
     0 | D:1      | Reached XP level 1. HP: 15/15 MP: 1/1
   364 | D:1      | Reached XP level 2. HP: 20/20 MP: 2/2
   384 | D:1      | Reached skill level 4 in Short Blades
   759 | D:1      | Reached XP level 3. HP: 25/25 MP: 3/3
   925 | D:1      | Reached ** piety under Trog
  1113 | D:2      | Found a faded altar of an unknown god.
  1348 | D:2      | Noticed Terence
  1360 | D:2      | Killed Terence
  1360 | D:2      | Reached XP level 4. HP: 31/31 MP: 4/4
  1589 | D:2      | Found a runed door.
  1593 | D:2      | Noticed Crazy Yiuf
  1602 | D:2      | Killed Crazy Yiuf
  1602 | D:2      | Reached skill level 5 in Short Blades
  1602 | D:2      | Reached XP level 5. HP: 36/36 MP: 5/5
  2115 | D:2      | Reached *** piety under Trog
  2264 | D:2      | Upgraded the game from 0.20-b1-18-gaa2fd62 to 0.20-b1-24-gb21faa7
  2439 | D:3      | Found a shimmering altar of Xom.
  2441 | D:3      | Found a shimmering altar of Xom.
  2443 | D:3      | Found a shimmering altar of Xom.
  2444 | D:3      | Found a shimmering altar of Xom.
  2450 | D:3      | Reached skill level 1 in Shields
  2450 | D:3      | Reached XP level 6. HP: 42/42 MP: 6/6
  2491 | D:3      | Found a shimmering altar of Xom.
  2494 | D:3      | Found a shimmering altar of Xom.
  2494 | D:3      | Found a shimmering altar of Xom.
  2679 | D:3      | Noticed FakerFangirl's ghost (amateur DrFi)
  2690 | D:3      | Killed FakerFangirl's ghost
  3347 | D:4      | Found a staircase to the Ecumenical Temple.
  3430 | D:4      | Reached XP level 7. HP: 43/47 MP: 7/7
  3641 | D:4      | Noticed Grinder
  3660 | D:4      | Killed Grinder
  3660 | D:4      | Reached skill level 6 in Short Blades
  3660 | D:4      | Reached skill level 1 in Slings
  4072 | D:5      | Entered Level 5 of the Dungeon
  4096 | D:4      | Slain by an orc priest

Skill      XL: |  1  2  3  4  5  6  7 |
---------------+----------------------+-----
Short Blades   | 4 5 6 |  6.5
Fighting       | 3 |  3.9
Armour         | 3 |  3.8
Dodging        | 3 |  3.8
Shields        | 1 2 3 |  3.3
Slings         | 2 |  2.2

Action                   |  1- 3 |  4- 6 |  7- 9 || total
-------------------------+-------+-------+-------++-------
Melee: Short sword       |   117 |   231 |    46 ||   394
 Fire: Hunting sling     |       |     1 |    10 ||    11
Throw: Tomahawk          |       |     2 |       ||     2
Invok: Berserk           |     4 |     7 |     2 ||    13
  Use: Scroll            |       |     9 |     1 ||    10
 Stab: Distracted        |     1 |       |       ||     1
  Eat: Chunk             |     4 |    15 |     3 ||    22
Armor: Animal skin       |     1 |       |       ||     1
       Ring mail         |    30 |       |       ||    30
       Scale mail        |     1 |    18 |       ||    19
       Plate armour      |       |    57 |    19 ||    76
Dodge: Dodged            |    94 |    65 |     7 ||   166
Block: Shield            |       |    65 |    17 ||    82
